 Dungeon Crawl Stone Soup version 0.30.1-11-g7821555f0a (webtiles) character file.

Game seed: 12486146591276997003

1661 Wiggles the Cleaver (level 8, -6/71 HPs)
             Began as a Minotaur Berserker on Dec 1, 2023.
             Was an Elder of Trog.
             Mangled by a large abomination (16 damage)
             ... on level 1 of the Abyss.
             The game lasted 00:06:39 (4958 turns).

Wiggles the Cleaver (Minotaur Berserker)            Turns: 4958, Time: 00:06:39

Health: -6/71      AC: 13    Str: 24    XL:     8   Next: 69%
Magic:  7/7        EV: 10    Int:  4    God:    Trog [****..]
Gold:   230        SH:  0    Dex: 10    Spells: 7/7 levels left

rFire   . . .        B - +0 war axe
rCold   . . .        (no shield)
rNeg    . . .        r - +0 chain mail
rPois   .            t - +2 hat
rElec   .            (no cloak)
rCorr   .            j - +0 pair of gloves
SInv    .            (no boots)
Will    +....        u - amulet of regeneration Stlth
                     n - ring of willpower
HPRegen 0.00/turn    (no ring)
MPRegen 0.10/turn

%: no passive effects
@: sick
A: horns 2, retaliatory headbutt
a: Renounce Religion, Berserk, Trog's Hand, Brothers in Arms


You were on level 1 of the Abyss.
You worshipped Trog.
Trog was greatly pleased with you.
You visited 1 branch of the dungeon, and saw 6 of its levels.
You visited the Abyss 1 time.

You collected 230 gold pieces.

Inventory:

Hand Weapons
 B - a +0 war axe (weapon)
Armour
 j - a +0 pair of gloves (worn)
 r - a +0 chain mail (worn)
 t - a +2 hat (worn)
Jewellery
 b - an amulet of reflection
 n - a ring of willpower (left hand)
 u - an amulet of regeneration (around neck)
 y - a ring of willpower
 C - a ring of fire
Wands
 z - a wand of roots (7)
 A - a wand of light (10)
Scrolls
 c - 2 scrolls of blinking {unknown}
 d - 3 scrolls of teleportation {unknown}
 g - 9 scrolls of identify {unknown}
 h - 4 scrolls of noise {unknown}
 k - a scroll of enchant weapon {unknown}
 l - a scroll of amnesia {unknown}
 m - a scroll of immolation {unknown}
 o - a scroll of torment {unknown}
 p - a scroll of silence {unknown}
 s - a scroll of poison {unknown}
 v - a scroll of enchant armour {unknown}
 w - a scroll of brand weapon {unknown}
 x - a scroll of magic mapping {unknown}
Potions
 a - a potion of magic {unknown}
 e - 3 potions of lignification {unknown}
 f - 4 potions of curing {unknown}
 i - 2 potions of heal wounds {unknown}
 q - a potion of might {unknown}


   Skills:
 + Level 6.6 Fighting
 + Level 9.1 Axes
 + Level 7.3 Armour
 + Level 4.1 Dodging
 + Level 0.8 Stealth
 + Level 2.8 Shields


You had 7 spell levels left.
You didn't know any spells.
Your spell library was empty.

Dungeon Overview and Level Annotations

Branches:
Dungeon (6/15)             Temple (0/1) D:5

Altars:
Gozag
Makhleb
Vehumet

Annotations:
D:6 Sigmund


Innate Abilities, Weirdness & Mutations

You have a pair of horns on your head.
You reflexively headbutt those who attack you in melee.


Message History

The large abomination hits you!!
The large abomination barely misses you.
You furiously retaliate!
You headbutt the large abomination, but do no damage.
The large abomination hits you but does no damage.
The large abomination attacks as you move away!
The large abomination hits you.
A ynoxinul comes into view.
The ynoxinul bellows!
The ynoxinul gestures.
The ufetubus shouts!
The ynoxinul gestures.
The large abomination attacks as you move away!
The large abomination hits you but does no damage.
The large abomination hits you!
The large abomination attacks as you move away!
The large abomination hits you.
The ynoxinul gestures.
A raiju comes into view.
The large abomination attacks as you move away!
The large abomination barely misses you.
You furiously retaliate!
You headbutt the large abomination!
The raiju barks!
A chaos spawn comes into view.
The raiju bursts into living lightning!
The living lightning hits you!
The raiju blinks!
An ancient zyme comes into view.
You feel yourself growing ill in the presence of the ancient zyme.
The raiju attacks as you move away! The raiju barely misses you.
The soul eater draws from the surrounding life force!
The soul eater draws from the surrounding life force!
The large abomination hits you!!
* * * LOW HITPOINT WARNING * * *
You feel ill.
You slash the ancient zyme!
The ancient zyme is moderately damaged.
You hit the chaos spawn.
You hit the large abomination but do no damage.
The large abomination hits you!
You die...

.##..##..##..##..
.....3..........
.. ...............
..# #.5##..# ..#
#..##5.##..##.##
........55......##
....3...W5h......#
##..##. ##X4##...
# § #..##.@# ..§
........x...# .
............##
..##..##..##..# ..
#.. #..# ...# ...
.... .... .. ....
.#. ##..# ##


You could see an ancient zyme, a large abomination, a raiju, a ynoxinul, a chaos
spawn, a wraith and 5 ufetubi.

Vanquished Creatures
  A chaos spawn (Abyss:1)
  2 black bears (D:5)
  A water moccasin (D:5)
  An ogre (D:4)
  A centaur (D:6)
  2 phantoms
  Blork the orc (D:5)
  3 scorpions
  A crimson imp (D:3)
  2 orc priests (D:4)
  3 hounds
  A jelly (D:4)
  4 sleepcaps
  Natasha (thrice) (D:3)
  2 iguanas (D:5)
  2 orc wizards
  4 gnolls (D:5)
  4 adders
  2 white imps (D:5)
  3 dart slugs
  14 orcs
  6 ball pythons
  5 bats
  8 endoplasms
  3 giant cockroaches
  7 goblins
  8 hobgoblins
  6 quokkas
  2 frilled lizards
  8 kobolds
  11 rats
121 creatures vanquished.

Vanquished Creatures (others)
  A kobold (D:4)
1 creature vanquished.

Grand Total: 122 creatures vanquished

Notes
Turn   | Place    | Note
-------+----------+-------------------------------------------
     0 | D:1      | Wiggles the Minotaur Berserker began the quest for the Orb.
     0 | D:1      | Reached XP level 1. HP: 19/19 MP: 0/0
   131 | D:1      | Reached skill level 4 in Axes
   131 | D:1      | Reached XP level 2. HP: 26/27 MP: 1/1
   448 | D:1      | Reached XP level 3. HP: 33/33 MP: 2/2
  1052 | D:2      | Reached ** piety under Trog
  1582 | D:3      | Reached XP level 4. HP: 27/41 MP: 3/3
  1782 | D:3      | Found an opulent altar of Gozag.
  1782 | D:3      | Noticed Natasha
  1797 | D:3      | Killed Natasha
  1798 | D:3      | Reached skill level 5 in Axes
  1945 | D:3      | Noticed Natasha
  1953 | D:3      | Killed Natasha
  1956 | D:3      | Reached XP level 5. HP: 36/47 MP: 4/4
  2115 | D:3      | Found a burning altar of Makhleb.
  2116 | D:3      | Found a radiant altar of Vehumet.
  2276 | D:3      | Reached skill level 1 in Shields
  2619 | D:3      | Noticed Natasha
  2624 | D:3      | Killed Natasha
  2772 | D:4      | Noticed a phantom
  2785 | D:4      | Killed a phantom
  2785 | D:4      | Reached *** piety under Trog
  2786 | D:4      | Reached XP level 6. HP: 38/55 MP: 5/5
  2869 | D:4      | Reached skill level 6 in Axes
  2995 | D:4      | Reached skill level 5 in Fighting
  3334 | D:4      | Reached XP level 7. HP: 52/61 MP: 6/6
  3680 | D:5      | Entered Level 5 of the Dungeon
  3701 | D:5      | Reached skill level 7 in Axes
  3841 | D:5      | Reached skill level 5 in Armour
  3893 | D:5      | Found a staircase to the Ecumenical Temple.
  4208 | D:5      | Noticed Blork the orc
  4219 | D:5      | Killed Blork the orc
  4341 | D:5      | Reached **** piety under Trog
  4342 | D:5      | Reached XP level 8. HP: 63/70 MP: 7/7
  4359 | D:5      | Reached skill level 8 in Axes
  4875 | D:6      | Noticed Sigmund
  4893 | Abyss:1  | Cast into level 1 of the Abyss (Sigmund)
  4903 | Abyss:1  | Found a corrupted altar of Lugonu.
  4908 | Abyss:1  | Reached skill level 9 in Axes
  4928 | Abyss:1  | Noticed a large abomination
  4931 | Abyss:1  | Noticed a large abomination
  4952 | Abyss:1  | Noticed a soul eater
  4953 | Abyss:1  | Noticed a raiju
  4954 | Abyss:1  | Noticed an ancient zyme
  4958 | Abyss:1  | Mangled by a large abomination

Illustrated notes

Levels and vault maps discovered:
D:1:      sevenhm_arrival_forest_fort_small_6, layout_loops_ring
D:2:      minmay_inner_zag, layout_loops_ring, st_stairs_12
D:3:      layout_basic, grunt_temple_overflow_lords_of_destruction,
          lemuel_tele_altar, grunt_ministairs_9, uniq_natasha
D:4:      layout_gridville
D:5:      minmay_chambers_of_threes, layout_loops_ring,
          minmay_temple_entry_gardened_gates, uniq_blork_the_orc
D:6:      layout_loops_cross, okawaru_ov_weapons_minmay, minmay_quadrilaterals,
          uniq_sigmund, uniq_edmund, uniq_eustachio
Abyss:1:  base:
D:4

Skill      XL: |  1  2  3  4  5  6  7  8 |
---------------+-------------------------+-----
Axes           | 4 5 6 7 9 |  9.1
Fighting       | 4 5 6 |  6.6
Armour         | 3 4 6 7 |  7.3
Dodging        | 3 4 |  4.1
Shields        | 1 2 |  2.8
Stealth        | |  0.8

Action                     |  1- 3 |  4- 6 |  7- 9 || total
---------------------------+-------+-------+-------++-------
  Melee: Hand axe          |    82 |   108 |    93 ||   283
         Headbutt          |    13 |    17 |    38 ||    68
         Punch             |     1 |     1 |       ||     2
         War axe           |       |       |    46 ||    46
 Invoke: Berserk           |       |     1 |     1 ||     2
   Stab: Distracted        |     1 |       |       ||     1
 Armour: Animal skin       |    14 |       |       ||    14
         Ring mail         |     2 |    10 |       ||    12
         Chain mail        |       |    23 |   111 ||   134
  Dodge: Dodged            |    42 |    47 |    87 ||   176
  Block: Other             |     3 |    29 |     8 ||    40
         Reflection        |       |     1 |       ||     1
